cohdb
Replays
Latest Replays
All Replays
Popular Replays
Top Player Replays
Match Explorer
How It Works
Community
CoH3 Stats
Reddit
Sign in to upload your games and track your stats! →
Sign in with Steam
Match 42111549
Unlisted
Match 42111549
Overview
Messages
Build Orders
End
Construct Barracks
Engineer Squad
Riflemen Squad
Selects Advanced Infantry Battlegroup
Riflemen Squad
Grenade Package
Selects Convert to Ranger Squad
Construct Weapon Support Center
Selects Frontline Medical Station
Frontline Medical Station
Bazooka Squad
Bazooka Squad
Bazooka Squad
Caramez
FENGRUSH
MightyOstrich
UBERdumpster
MapSimulatorEnthusiast
Hummel
Voodoo408
10bones88
0
0
Comments
sign in to comment!
No comments posted yet!